 Dungeon Crawl Stone Soup version 0.23.0-28-g6fe0f4d (webtiles) character file.

Game seed: 14121322476268511685

38 Kairos the Skirmisher (level 3, 30/30 HPs)
             Began as a Formicid Abyssal Knight on Feb 25, 2019.
             Was a Follower of Lugonu.
             Quit the game on level 1 of the Dungeon.
             The game lasted 00:01:27 (701 turns).

Kairos the Skirmisher (Formicid Abyssal Knight)      Turns: 701, Time: 00:01:28

Health: 30/30      AC:  3    Str: 16 (17) XL:     3   Next: 65%
Magic:  4/4        EV: 11    Int:  8 (11) God:    Lugonu [*.....]
Gold:   208        SH:  0    Dex:  9 (10) Spells: 2/2 levels left

rFire    . . .     SeeInvis +   a - +1 hand axe
rCold    . . .     Gourm    .   (no shield)
rNeg     . . .     Faith    .   b - +0 leather armour
rPois    .         Spirit   .   (helmet unavailable)
rElec    .         Reflect  .   (no cloak)
rCorr    .         Harm     .   (no gloves)
MR       .....                  (no boots)
Stlth    +.........             (no amulet)
HPRegen  0.10/turn              (no ring)
MPRegen  0.09/turn              (no ring)

@: no status effects
A: permanent stasis, dig shafts and tunnels, four strong arms, antennae 3
a: Dig, Shaft Self, Depart the Abyss, Renounce Religion


You were on level 1 of the Dungeon.
You worshipped Lugonu.
Lugonu was aware of your devotion.
You were not hungry.

You visited 1 branch of the dungeon, and saw 1 of its levels.
You visited the Abyss 1 time.

You collected 208 gold pieces.

Inventory:

Hand Weapons
 a - a +1 hand axe (weapon)
Armour
 b - a +0 leather armour (worn)
Scrolls
 d - a scroll of remove curse
Comestibles
 c - 2 rations


   Skills:
 + Level 3.7 Fighting
 + Level 2.5 Axes
 + Level 2.9 Armour
 + Level 1.0 Dodging
 + Level 2.4 Invocations


You had 2 spell levels left.
You didn't know any spells.
Your spell library was empty.

Dungeon Overview and Level Annotations

Branches:
Dungeon (1/15)

Altars:


Innate Abilities, Weirdness & Mutations

You cannot be hasted, slowed, berserked, paralysed or teleported.
You can dig through walls and to a lower floor.
Your four strong arms can wield two-handed weapons with a shield.
You have a pair of large antennae on your head. (SInv)


Message History

You see here a dart slug corpse.
Key pressed, stopping explore.
No target in view!
Done exploring.
No target in view!
Done exploring.
Key pressed, stopping explore.
No target in view!
No target in view!
Done exploring.
As you read the scroll labeled ANLUEWKYIJ, it crumbles to dust.
You feel blessed for a moment.
It was a scroll of remove curse.
As you read the scroll labeled FITOSCHEFIE, it crumbles to dust.
You feel a strange sense of stasis.
It was a scroll of teleportation.
Are you sure you want to abandon this character and quit the game? (Confirm with "yes".)
Okay, then.
It was a potion of degeneration.
There was something very wrong with that liquid.
You feel weakened.
You feel dopey.
You feel clumsy.
Are you sure you want to abandon this character and quit the game? (Confirm with "yes".)

##....## ##.##...#
#..#...# ### #.##...#
#.####.## #.# #.##...#
## #.# #..## #.#
#.##...# .####.#
##..###.# #......#
.)....# ##..##.#
####...#
.#....#######..#.#
#...#
...##.....####.#.#
#...#
#..........###.#@#
##.##
..########..##.#.#####
#.#
##########..........(#
#.#
#....................#
#.#
..#########)..##.######
#.# ### ##...)......#
#.# #
###'###########.### #
#####.....##### #.††..#
#...#.....#...###.....#


There were no monsters in sight!

Vanquished Creatures
  2 oozes (D:1)
  2 dart slugs (D:1)
  A leopard gecko (D:1)
  4 bats (D:1)
  2 goblins (D:1)
  3 hobgoblins (D:1)
  2 ball pythons (D:1)
  2 frilled lizards (D:1)
  4 kobolds (D:1)
  4 rats (D:1)
26 creatures vanquished.

Notes
Turn   | Place    | Note
-------+----------+-------------------------------------------
     0 | Abyss:1  | Kairos the Formicid Abyssal Knight began the quest for the
                  | Orb.
     0 | Abyss:1  | Reached XP level 1. HP: 18/18 MP: 2/2
    52 | Abyss:3  | Noticed a tentacled starspawn
    64 | Abyss:3  | Noticed a hellion
    65 | D:1      | Escaped the Abyss
    99 | D:1      | Reached XP level 2. HP: 24/24 MP: 3/3
   227 | D:1      | Reached * piety under Lugonu
   230 | D:1      | Reached skill level 1 in Dodging
   269 | D:1      | Reached XP level 3. HP: 15/29 MP: 4/4
   701 | D:1      | Quit the game

Skill      XL: |  1  2 |
---------------+-------+-----
Dodging        | 1 |  1.0
Fighting       | |  3.7
Axes           | |  2.5
Armour         | |  2.9
Invocations    | |  2.4

Action                   || total
-------------------------++-------
Melee: Hand axe          ||    70
Invok: Depart the Abyss  ||     1
  Use: Scroll            ||     2
       Potion            ||     1
Armor: Leather armour    ||    21
Dodge: Dodged            ||    40
